 Dungeon Crawl Stone Soup version 0.22.0 (webtiles) character file.

532 b5mith the Cudgeler (level 7, -5/54 HPs)
             Began as a Human Wanderer on Oct 7, 2018.
             Killed from afar by an orc wizard (9 damage)
             ... with a puff of flame
             ... on level 4 of the Dungeon.
             The game lasted 00:12:22 (4433 turns).

b5mith the Cudgeler (Human Wanderer)                Turns: 4433, Time: 00:12:22

Health: -5/54      AC:  3    Str: 11    XL:     7   Next: 49%
Magic:  7/7        EV: 12    Int: 14    God:
Gold:   125        SH:  0    Dex: 14    Spells: 6/6 levels left

rFire    . . .     SeeInvis .   a - +2 mace
rCold    . . .     Gourm    .   (no shield)
rNeg     . . .     Faith    .   f - +0 robe
rPois    .         Spirit   .   (no helmet)
rElec    .         Reflect  .   (no cloak)
rCorr    .         Harm     .   l - +0 pair of gloves
MR       .....                  (no boots)
Stlth    +.........             (no amulet)
HPRegen  0.18/turn              (no ring)
MPRegen  0.10/turn              (no ring)

@: lethally poisoned (-5 -> -6), about to teleport
A: no striking features
a: no special abilities


You were on level 4 of the Dungeon.
You were not hungry.

You visited 1 branch of the dungeon, and saw 4 of its levels.

You collected 125 gold pieces.

Inventory:

Hand Weapons
 a - a +2 mace (weapon)
 b - a +0 hand crossbow
 e - a +0 blowgun
 m - a +0 hunting sling
   (You found it on level 1 of the Dungeon)
Missiles
 c - 56 bolts (quivered)
 d - 22 poisoned needles
 n - 58 arrows
 t - 2 throwing nets
Armour
 f - a +0 robe (worn)
 l - a +0 pair of gloves (worn)
   (You found it on level 1 of the Dungeon)
 x - a +0 scale mail
   (You took it off an orc on level 3 of the Dungeon)
 B - a +0 leather armour
   (You found it on level 4 of the Dungeon)
Wands
 v - a wand of digging (2)
   (You took it off Natasha on level 3 of the Dungeon)
Scrolls
 h - 4 scrolls of identify {@r1}
 i - a scroll of noise {unknown}
 k - a scroll of blinking {unknown}
 o - 2 scrolls of teleportation
 p - 2 scrolls of immolation
 q - a scroll of fear {unknown}
 r - a scroll of fog {unknown}
 u - a scroll of magic mapping {unknown}
 y - a scroll of remove curse {unknown}
Potions
 j - a potion of heal wounds {unknown}
 s - 2 potions of brilliance {unknown}
 w - a potion of ambrosia {unknown}
 z - a potion of curing {unknown}
 A - a potion of flight {unknown}
Comestibles
 g - 8 rations
 C - 2 chunks of flesh


   Skills:
 + Level 4.3 Fighting
 + Level 5.5(5.6) Maces & Flails
   Level 1.0(3.6) Staves
 * Level 4.1 Crossbows
 - Level 2.4 Throwing
 - Level 1.0 Dodging
   Level 1.0 Shields


You had 6 spell levels left.
You didn't know any spells.
Your spell library contained the following spells:

 Spells                   Type           Power        Failure   Level  Hunger
 Magic Dart               Conj           #...         28%         1    ##.....
 Conjure Flame            Conj/Fire      #.......     65%         3    ####...
 Slow                     Hex            #.......     41%         2    ###....
 Mephitic Cloud           Conj/Pois/Air  #.......     65%         3    ####...
 Blink                    Tloc           N/A          41%         2    ###....
 Call Imp                 Summ           #.......     41%         2    ###....


Dungeon Overview and Level Annotations

Branches:
Dungeon (4/15)
 Temple: D:4-7

Altars:
Ru


Message History

You shoot a bolt.
The bolt hits the orc priest but does no damage.
The orc priest is severely wounded.
The orc priest hits you with a club.
* * * LOW HITPOINT WARNING * * *
You are too injured to fight recklessly!
Really attack while wielding your +0 hand crossbow? [Y]es or [N]o only, please.
Really attack while wielding your +0 hand crossbow? [Y]es or [N]o only, please.
Really attack while wielding your +0 hand crossbow? [Y]es or [N]o only, please.
Really attack while wielding your +0 hand crossbow? [Y]es or [N]o only, please.
Really attack while wielding your +0 hand crossbow? [Y]es or [N]o only, please.
Really attack while wielding your +0 hand crossbow? [Y]es or [N]o only, please.
Really attack while wielding your +0 hand crossbow?
Okay, then.
a - a +2 mace (weapon)
You feel sick. The orc priest closely misses you.
You closely miss the orc priest.
The orc priest is severely wounded.
The orc priest barely misses you.
You barely miss the orc priest.
The orc priest is severely wounded.
You feel sick. The orc priest barely misses you.
You closely miss the orc priest.
The orc priest is severely wounded.
You closely miss the orc wizard.
You feel sick.
You hit the orc wizard.
The orc wizard is lightly wounded.
The orc wizard misses you.
You hit the orc wizard but do no damage.
The orc wizard is lightly wounded.
You feel sick. The orc wizard hits you with a dagger.
* * * LOW HITPOINT WARNING * * *
The orc wizard barely misses you.
The orc priest calls down the wrath of Beogh upon you.
Beogh smites you!
* * * LOW HITPOINT WARNING * * *
As you read the scroll of teleportation, it crumbles to dust.
You feel strangely unstable.
The orc wizard hits you but does no damage.
The orc priest looks satisfied for a moment.
You feel sick. The orc wizard casts a spell at you. The puff of flame hits you!
You die...

#...........##.##.
#.....(..#...........##.##.
#......$.#...........##.##.
......(..#...........##....
#?....(..#.#####.###...###.
......... ...........+...
##. .....# ##...##...####
.....##(########....[.......
..(....o)o.@................
.###.##.########...####.#.##
...# #.....# #.#.## #.###
#.....# #.#... ... #.....#
#.#... ### #.....# #.#...
#.....# #.#... #######
#.#... #.....


You could see an orc priest and an orc wizard.

Vanquished Creatures
  Menkaure (D:4)
  An ogre (D:4)
  2 orc priests (D:3)
  An orc wizard (D:4)
  Natasha (thrice) (D:3)
  6 adders
  3 worms
  3 leopard geckos
  17 orcs
  A giant cockroach (D:4)
  2 goblins
  7 hobgoblins
  12 jackals
  4 kobolds
  3 quokkas
  11 bats
  9 frilled lizards
  10 rats
96 creatures vanquished.

Notes
Turn   | Place    | Note
-------+----------+-------------------------------------------
     0 | D:1      | b5mith the Human Wanderer began the quest for the Orb.
     0 | D:1      | b5mith set off with: a +2 mace, a +0 hand crossbow, 29 bolts, 10 poisoned needles, a +0 blowgun, a +0 robe, a ration
     0 | D:1      | Reached XP level 1. HP: 16/16 MP: 1/1
    50 | D:1      | Reached XP level 2. HP: 7/22 MP: 2/2
   428 | D:1      | Reached XP level 3. HP: 28/28 MP: 3/3
  1332 | D:2      | Reached XP level 4. HP: 34/34 MP: 4/4
  2189 | D:3      | Reached skill level 1 in Crossbows
  2189 | D:3      | Reached XP level 5. HP: 20/41 MP: 5/5
  2611 | D:3      | Noticed Natasha
  2624 | D:3      | Killed Natasha
  2624 | D:3      | Reached skill level 5 in Maces & Flails
  2624 | D:3      | Reached XP level 6. HP: 12/47 MP: 6/6
  2867 | D:3      | Found a sacrificial altar of Ru.
  2973 | D:3      | Noticed Natasha
  2981 | D:3      | Killed Natasha
  3033 | D:3      | Noticed Natasha
  3039 | D:3      | Killed Natasha
  3625 | D:4      | Noticed Menkaure
  3635 | D:4      | Killed Menkaure
  3635 | D:4      | Reached XP level 7. HP: 32/54 MP: 7/7
  4433 | D:4      | Killed from afar by an orc wizard

Skill      XL: |  1  2  3  4  5  6  7 |
---------------+----------------------+-----
Throwing       | 2 |  2.4
Fighting       | 3 4 |  4.3
Crossbows      | 1 2 3 4 |  4.1
Maces & Flails | 5 |  5.5
Staves         | |  1.0
Dodging        | |  1.0
Shields        | |  1.0

Action                   |  1- 3 |  4- 6 |  7- 9 || total
-------------------------+-------+-------+-------++-------
Melee: Mace              |    27 |    73 |    12 ||   112
 Fire: Hand crossbow     |    50 |    90 |    50 ||   190
  Use: Scroll            |       |     2 |     1 ||     3
  Eat: Chunk             |     1 |     7 |     3 ||    11
Armor: Robe              |     7 |    14 |     4 ||    25
Dodge: Dodged            |    36 |    42 |    20 ||    98
